 Dungeon Crawl Stone Soup version 0.31-a0-1626-g5cb510d322 (webtiles) character file.

Game seed: 6063141108122023352

33055 Ivernyr the Blocker (level 14, -3/115 HPs)
             Began as a Formicid Fighter on Jan 12, 2024.
             Was an Elder of Wu Jian.
             Frozen to death by an endoplasm (4 damage)
             ... on level 5 of the Lair of Beasts.
             The game lasted 00:37:35 (19672 turns).

Ivernyr the Blocker (Formicid Fighter)             Turns: 19672, Time: 00:37:35

Health: -3/115     AC: 19    Str: 25    XL:     14   Next: 6%
Magic:  0/14       EV: 10    Int:  9    God:    Wu Jian [****..]
Gold:   851        SH: 14    Dex: 26    Spells: 13/13 levels left

rFire   + . .        a - +0 quarterstaff (heavy)
rCold   x . .        c - +0 buckler
rNeg    + . .        b - +0 swamp dragon scales
rPois   +            (helmet unavailable)
rElec   .            N - +2 cloak
rCorr   .            D - +0 pair of gloves {infuse}
SInv    +            H - +2 pair of boots {rampage}
Will    +....        O - amulet of reflection
Stlth   +            B - +6 ring of dexterity
HPRegen 0.39/turn    E - ring "Bannum" {rF+ rC- rN+ Dex+7}
MPRegen 0.14/turn

%: reflection, rampage
@: lethally poisoned (-3 -> -46)
A: permanent stasis, dig shafts and tunnels, antennae 3, four strong arms
a: Dig, Shaft Self, Renounce Religion, Wall Jump, Serpent's Lash


You were on level 5 of the Lair of Beasts.
You worshipped Wu Jian.
Wu Jian was greatly pleased with you.
You visited 3 branches of the dungeon, and saw 16 of its levels.
You also visited: Sewer and Bailey.

You collected 1098 gold pieces.
You spent 247 gold pieces at shops.

Inventory:

Hand Weapons
 a - a +0 heavy quarterstaff (weapon)
Armour
 b - +0 swamp dragon scales (worn)
 c - a +0 buckler (worn)
 D - a +0 pair of gloves of infusion (worn)
 H - a +2 pair of boots of rampaging (worn)
 N - a +2 cloak (worn)
Jewellery
 B - a +6 ring of dexterity (left hand)
 E - the ring "Bannum" (right hand) {rF+ rC- rN+ Dex+7}
   (You took it off an orc on level 6 of the Dungeon)

   [ring of positive energy]

   Dex+7:     It affects your dexterity (+7).
   rF+:       It protects you from fire.
   rC-:       It makes you vulnerable to cold.
   rN+:       It protects you from negative energy.
 O - an amulet of reflection (around neck)
Wands
 y - a wand of roots (6)
 A - a wand of flame (27)
 C - a wand of digging (1)
 M - a wand of polymorph (1)
 P - a wand of paralysis (13)
Scrolls
 d - 3 scrolls of enchant weapon {unknown}
 e - 16 scrolls of identify {unknown}
 f - a scroll of noise {unknown}
 g - 4 scrolls of immolation {unknown}
 i - 2 scrolls of teleportation {unknown}
 n - 5 scrolls of vulnerability {unknown}
 r - 4 scrolls of enchant armour {unknown}
 v - 3 scrolls of fear {unknown}
 w - a scroll of brand weapon {unknown}
 x - 3 scrolls of blinking {unknown}
 F - a scroll of revelation {unknown}
 G - 2 scrolls of fog {unknown}
 J - a scroll of butterflies {unknown}
 K - a scroll of torment {unknown}
 Q - 2 scrolls of amnesia {unknown}
Potions
 h - 2 potions of heal wounds
 j - 2 potions of enlightenment {unknown}
 k - 2 potions of degeneration {unknown}
 l - a potion of magic
 m - 3 potions of attraction {unknown}
 o - 4 potions of lignification {unknown}
 p - 4 potions of curing {unknown}
 q - 2 potions of cancellation {unknown}
 s - 5 potions of resistance {unknown}
 t - 6 potions of brilliance
 u - 4 potions of berserk rage {unknown}
 z - a potion of invisibility {unknown}
 I - 2 potions of haste {unknown}
 L - a potion of mutation {unknown}


   Skills:
 + Level 12.1 Fighting
 + Level 10.8 Staves
 + Level 12.1 Armour
 + Level 14.1 Shields
 + Level 10.5 Evocations


You had 13 spell levels left.
You didn't know any spells.
Your spell library contained the following spells:

 Spells                   Type           Power      Damage    Failure   Level
 Apportation              Tloc           0%         N/A       52%         1
 Necrotise                Necr           0%         1d4       52%         1
 Sandblast                Erth           0%         2d4       52%         1
 Sting                    Conj/Alch      0%         1d3       52%         1
 Summon Small Mammal      Summ           0%         N/A       52%         1
 Mercury Vapours          Alch/Air       0%         N/A       67%         2
 Dazzling Flash           Conj/Hex       0%         N/A       88%         3
 Gell's Gravitas          Tloc           0%         N/A       88%         3
 Mephitic Cloud           Conj/Alch/Air  0%         N/A       88%         3
 Passwall                 Erth           0%         N/A       88%         3
 Stone Arrow              Conj/Erth      0%         3d7       88%         3
 Teleport Other           Tloc           0%         N/A       88%         3
 Volatile Blastmotes      Fire/Tloc      0%         2d10      88%         3
 Brom's Barrelling Bould  Conj/Erth      0%         2d3       99%         4
 Cause Fear               Hex            0%         N/A       99%         4
 Fireball                 Conj/Fire      0%         3d3       100%        5
 Freezing Cloud           Conj/Ice/Air   0%         6-21      100%        5
 Dispersal                Tloc           0%         N/A       100%        6
 Starburst                Conj/Fire      0%         6d3       100%        6
 Maxwell's Capacitive Co  Air            0%         ∞         100%        8
 Dragon's Call            Summ           0%         N/A       100%        9


Dungeon Overview and Level Annotations

Branches:
Dungeon (10/15)            Temple (1/1) D:7            Lair (5/5) D:8
 Shoals (0/4) Lair:3       Spider (0/4) Lair:2        Slime (0/5) Lair:5
  Sewer (visited)          Bailey (visited)
    Orc: D:9-12

Altars:
Ashenzari
Cheibriados
Dithmenos
Elyvilon
Fedhas
Gozag
Hepliaklqana
Kikubaaqudgha
Makhleb
Nemelex Xobeh
Okawaru
Qazlal
Ru
Sif Muna
Uskayaw
Vehumet
Wu Jian
Yredelemnul
Zin
The Shining One

Shops:
D:5 [(

Annotations:
D:5 2 runed translucent doors
Lair:4 3 runed translucent doors, Bueryul's ghost, journeyman GrFi
Lair:5 Rupert


Innate Abilities, Weirdness & Mutations

You cannot be hasted, slowed, berserked, paralysed or teleported.
You can dig through walls and to a lower floor.
You have a pair of large antennae on your head. (SInv)
Your four strong arms can wield two-handed weapons with a shield.


Message History

You are poisoned.
The endoplasm freezes you.
You are frozen.
You feel a terrible chill! The jelly hits you but does no damage.
Rupert hits you with a +4 great mace of venom!!!
* * * LOW HITPOINT WARNING * * *
You hear a bellow! x2
You bludgeon Rupert!!
Rupert is almost dead.
* * * LOW HITPOINT WARNING * * *
You feel very sick. Rupert hits you but does no damage.
You block the endoplasm's attack. The jelly hits you but does no damage.
Rupert closely misses you.
Unknown command.
You hit Rupert but do no damage.
Rupert is almost dead.
* * * LOW HITPOINT WARNING * * *
You feel very sick. You block the endoplasm's attack.
You block the jelly's attack.
A yak comes into view.
Rupert completely misses you.
You feel much better.
You feel sick. Rupert barely misses you. You block the endoplasm's attack.
Rupert misses you.
A yak comes into view.
You feel less exhausted.
You feel sick.
The yak bellows! x2; You hear a loud, deep croak!
The endoplasm attacks as it pursues you!
The endoplasm hits you but does no damage.
Rupert attacks as he pursues you! Rupert closely misses you.
You hit Rupert.
Rupert is almost dead.
You feel sick. You block Rupert's attack.
The endoplasm hits you but does no damage.
Rupert hits you with a +4 great mace of venom!!
* * * LOW HITPOINT WARNING * * *
You are more poisoned.
The endoplasm freezes you.
You are frozen.
You feel a terrible chill!
You die...

......### ......#
......... .#.#.##
........# ######
#.......# .# #......##
..# #.......# ..P# ###
#.......#. #..#
###.####........P
##..####.P..#J##@.Y.Y...
..#..#.......JJ@J.....#.
#..#......#.#JlF.#.#...#
#.........##.#J##### .##
#.......Jl#....# {
..........##.... {
............##...#
...............>..
....†.....##{#.....


You could see Rupert (berserk), 2 yaks, a cane toad, a basilisk, 3 jellies and 2
endoplasms.

Vanquished Creatures
  Nergalle (Lair:3)
  A skyshark (Lair:5)
  A harpy (shapeshifter) (D:9)
  3 ugly things (D:9)
  An orc sorcerer (Bailey)
  A manticore (shapeshifter) (D:9)
  5 elephants (Lair:4)
  3 black mambas
  A torpor snail (Lair:5)
  A kobold demonologist (Bailey)
  16 cane toads
  2 rime drakes
  5 komodo dragons
  A polar bear (Lair:4)
  3 merfolk (Lair:3)
  A troll (D:8)
  A hornet (D:5)
  8 blink frogs
  5 dream sheep (Lair:4)
  A jumping spider (Lair:2)
  Sigmund (D:2)
  5 wyverns
  2 culicivoras (Lair:2)
  A vampire (D:9)
  29 yaks
  A basilisk (Lair:2)
  A redback (Lair:2)
  4 vampire mosquitoes (D:9)
  2 steam dragons (D:9)
  8 orc warriors
  12 water moccasins
  An ice beast (D:8)
  A sky beast (D:9)
  5 black bears
  An ogre (D:5)
  2 centaurs
  25 wolves
  6 kobold brigands
  A brain worm (shapeshifter) (D:9)
  10 bullfrogs
  4 necrophages (Lair:4)
  2 wyvern zombies (D:9)
  23 wights
  10 killer bees
  2 vampire bats (Lair:2)
  5 howler monkeys
  6 electric eels
  A bombardier beetle (D:7)
  A quasit (D:5)
  3 orc priests
  5 hounds
  3 gnoll boudas
  5 jellies (Lair:5)
  5 iguanas
  4 sleepcaps
  3 orc wizards
  Robin (D:2)
  11 gnolls
  11 adders
  7 river rats
  2 shadow imps
  2 white imps (D:5)
  4 ufetubi (D:5)
  4 dart slugs
  6 ribbon worms
  18 orcs
  15 ball pythons
  11 bats
  8 endoplasms
  A giant cockroach (D:1)
  19 goblins
  25 hobgoblins
  7 jackals
  2 quokkas (D:4)
  3 training dummies (D:5)
  6 frilled lizards
  23 kobolds
  20 rats
467 creatures vanquished.

Vanquished Creatures (others)
  A hound (D:8)
  An orc (D:8)
  4 kobolds
6 creatures vanquished.

Grand Total: 473 creatures vanquished

Notes
Turn   | Place    | Note
-------+----------+-------------------------------------------
     0 | D:1      | Ivernyr the Formicid Fighter began the quest for the Orb.
     0 | D:1      | Reached XP level 1. HP: 18/18 MP: 1/1
   136 | D:1      | Reached XP level 2. HP: 24/24 MP: 2/2
   213 | D:1      | Reached XP level 3. HP: 28/29 MP: 3/3
   912 | D:2      | Noticed Sigmund
   935 | D:2      | Killed Sigmund
   936 | D:2      | Reached skill level 5 in Shields
   936 | D:2      | Reached XP level 4. HP: 8/38 MP: 4/4
   936 | D:2      | Reached XP level 5. HP: 9/43 MP: 5/5
   936 | D:2      | Reached XP level 6. HP: 11/49 MP: 6/6
  1254 | D:2      | Found a faded altar of an unknown god.
  1566 | D:2      | Noticed Robin
  1588 | D:2      | Killed Robin
  1810 | D:3      | Identified the +0 robe "Kuduh" {Will+ rCorr}
  1964 | D:3      | Found a glowing golden altar of the Shining One.
  1967 | D:3      | Found a broken altar of Ashenzari.
  1975 | D:3      | Found a burning altar of Makhleb.
  1978 | D:3      | Found a basalt altar of Yredelemnul.
  2605 | D:4      | Found a glowing drain.
  2613 | Sewer    | Entered a sewer
  2833 | Sewer    | Reached skill level 5 in Armour
  2833 | Sewer    | Reached XP level 7. HP: 48/55 MP: 7/7
  2939 | Sewer    | Reached skill level 5 in Fighting
  2939 | Sewer    | Reached skill level 6 in Shields
  2951 | Sewer    | HP: 2/56 [ball python (1)]
  2956 | Sewer    | HP: 2/56 [ball python (1)]
  3247 | D:4      | Found a shadowy altar of Dithmenos.
  3373 | D:4      | Found a radiant altar of Vehumet.
  3392 | D:4      | Reached XP level 8. HP: 33/63 MP: 8/8
  3777 | D:4      | Reached skill level 7 in Shields
  4131 | D:5      | Entered Level 5 of the Dungeon
  4158 | D:5      | Found Atiameol's Firing Range.
  4265 | D:5      | Reached skill level 5 in Staves
  4265 | D:5      | Reached skill level 1 in Evocations
  4277 | D:5      | Noticed a hornet
  4284 | D:5      | Killed a hornet
  4351 | D:5      | Found a sacrificial altar of Ru.
  4357 | D:5      | Found a sparkling altar of Nemelex Xobeh.
  4396 | D:5      | Noticed a wyvern
  4414 | D:5      | Killed a wyvern
  4415 | D:5      | Reached XP level 9. HP: 21/71 MP: 9/9
  4595 | D:5      | Found a runed translucent door.
  4597 | D:5      | Found a runed translucent door.
  4648 | D:5      | Reached skill level 8 in Shields
  5054 | D:5      | Found an opulent altar of Gozag.
  5093 | D:5      | Found Kinom's Antique Armour Boutique.
  5117 | D:5      | Bought a pair of embroidered gloves for 247 gold pieces
  5160 | D:5      | Found a glowing silver altar of Zin.
  5846 | D:6      | Found a shimmering blue altar of Sif Muna.
  6045 | D:6      | Identified the ring "Bannum" {rF+ rC- rN+ Dex+7}
  6673 | D:7      | Identified the +0 chain mail of Light {+Blink Will- Str+6
                  | Dex-2}
  6748 | D:7      | Found a flagged portal.
  6762 | Bailey   | Entered a bailey
  7018 | Bailey   | Reached skill level 9 in Shields
  7018 | Bailey   | Reached XP level 10. HP: 74/79 MP: 8/10
  7073 | Bailey   | Noticed an orc sorcerer
  7273 | Bailey   | Noticed a rust devil
  7275 | Bailey   | Killed an orc sorcerer
  7276 | Bailey   | Reached skill level 5 in Evocations
  7334 | Bailey   | Found an iron altar of Okawaru.
  7334 | Bailey   | Noticed a kobold demonologist
  7351 | Bailey   | Noticed a sixfirhy
  7351 | Bailey   | Killed a kobold demonologist
  7456 | Bailey   | Noticed an orc knight
  8472 | D:7      | Found a staircase to the Ecumenical Temple.
  8505 | Temple   | Entered the Ecumenical Temple
  8514 | Temple   | Became a worshipper of the Wu Jian Council
  8840 | D:8      | Reached skill level 10 in Shields
  9292 | D:8      | You fall into a shaft and drop 2 floors!
  9292 | D:10     | Entered Level 10 of the Dungeon
  9565 | D:9      | Reached XP level 11. HP: 80/82 MP: 8/11
  9740 | D:9      | Noticed a green ugly thing
  9748 | D:9      | Killed a green ugly thing
  9987 | D:9      | Reached skill level 11 in Shields
  9987 | D:9      | Reached * piety under Wu Jian
 10411 | D:8      | You fall into a shaft and drop 1 floor!
 11185 | D:9      | Noticed a manticore
 11191 | D:9      | Killed a manticore
 11495 | D:9      | Noticed a harpy
 11505 | D:9      | Reached ** piety under Wu Jian
 11510 | D:9      | Killed a harpy
 11514 | D:9      | Reached XP level 12. HP: 20/97 MP: 1/12
 11854 | D:9      | Reached skill level 10 in Armour
 11988 | D:9      | HP: 2/97 [white ugly thing (49)]
 11990 | D:9      | Reached skill level 10 in Fighting
 13033 | D:8      | Found a staircase to the Lair.
 13315 | D:8      | Reached skill level 12 in Shields
 13315 | D:8      | Found a hazy altar of Hepliaklqana.
 13317 | D:8      | Found a faded altar of an unknown god.
 13480 | Lair:1   | Entered Level 1 of the Lair of Beasts
 14199 | Lair:1   | Reached *** piety under Wu Jian
 14235 | Lair:1   | Found a snail-covered altar of Cheibriados.
 14960 | Lair:2   | Found a hole to the Spider Nest.
 14965 | Lair:2   | Reached XP level 13. HP: 72/105 MP: 9/13
 15430 | Lair:2   | Reached skill level 13 in Shields
 15683 | Lair:2   | Reached skill level 10 in Staves
 16531 | Lair:3   | Noticed Nergalle
 16538 | Lair:3   | Killed Nergalle
 17104 | Lair:3   | Reached **** piety under Wu Jian
 17669 | Lair:3   | Found a staircase to the Shoals.
 17804 | Lair:4   | Found a runed translucent gate.
 17804 | Lair:4   | Found a runed translucent gate.
 17804 | Lair:4   | Found a runed translucent gate.
 17806 | Lair:4   | Noticed a minotaur
 17835 | Lair:4   | Reached skill level 10 in Evocations
 18492 | Lair:4   | Noticed Bueryul's ghost (journeyman GrFi)
 19193 | Lair:5   | Entered Level 5 of the Lair of Beasts
 19263 | Lair:5   | Reached skill level 14 in Shields
 19446 | Lair:5   | Reached XP level 14. HP: 115/115 MP: 11/14
 19654 | Lair:5   | Noticed Rupert
 19657 | Lair:5   | Found a staircase to the Slime Pits.
 19672 | Lair:5   | HP: 1/115 [Rupert/+4 great mace of venom (26)]
 19672 | Lair:5   | Frozen to death by an endoplasm

Illustrated notes

Levels and vault maps discovered:
D:1:      tarquinn_simple_flora_water_e, layout_loops_ring,
          chequers_serial_rivers_large_a, hangedman_decor_slide_cut,
          minmay_domino_2
D:2:      layout_loops_cross, ebering_ecumenical_altar_hall,
          palyth_stone_intersect, kennysheep_pointless_box, uniq_sigmund,
          uniq_robin
D:3:      layout_loops_ring, grunt_temple_overflow_cloverleaf
D:4:      layout_loops_ring, nicolae_dithmenos_the_darkroom,
          vehumet_altar_wand_db, lightli_sewer_entry_pipes
D:5:      lemuel_insect_pit, layout_rooms,
          pdpol_temple_overflow_zin_treasury_gozag_greed,
          mainiacjoe_overflow_boulevard, mainiacjoe_overflow_six_doors_small,
          serial_demonic, serial_demonic_b, serial_demonic_g, serial_demonic_f,
          serial_demonic_e, serial_demonic_e, serial_demonic_f, serial_shops,
          nicolae_shop_tiny_real_fake_doors, nicolae_shop_firing_range
D:6:      layout_basic, led_sif_book
D:7:      layout_basic, minmay_temple_entry_overgrown, enter_bailey_3
D:8:      layout_rooms, beargit_hepliaklqana_dungeon_heroes, erik_lair_island,
          minmay_statues_item, nicolae_sextant, fungi_pond_lemuel
D:9:      regret_index_malice_mire, layout_stronghold,
          nicolae_figureground_pulse
D:10:     layout_roguey, lemuel_tele_altar, mainiacjoe_overflow_small_starburst
Temple:   hellmonk_temple_two_chambers
Lair:1:   layout_cellular_growth, basic_altar, beast_lair_carwin_7,
          serial_bayou_shore_b, grunt_megastairs_2
Lair:2:   layout_cave_pods, nicolae_spider_entry_tight_spaces, roderic_batcave
Lair:3:   layout_loops_ring, mainiacjoe_shoals_entry_four_pools, uniq_nergalle
Lair:4:   layout_small_grid, maelrawn_ghost_gauntlet_escape, st_stairs_10,
          roderic_carrion_pond, grunt_megastairs_1, lemuel_fruit_fields
Lair:5:   hellmonk_lair_end_abyssal_woods, layout_cave_pods,
          minmay_slime_entry_jelly_boxes, lemuel_old_faithful, uniq_rupert

Skill      XL: |  1  2  3  4  5  6  7  8  9 10 11 12 13 |
---------------+----------------------------------------+-----
Fighting       | 4 5 6 7 8 9 10 12 | 12.1
Staves         | 3 4 5 6 7 8 9 10 | 10.8
Armour         | 4 5 6 7 8 9 11 12 | 12.1
Shields        | 5 6 7 9 10 11 12 14 | 14.1
Evocations     | 2 4 6 7 9 10 | 10.5

Action                     |  1- 3 |  4- 6 |  7- 9 | 10-12 | 13-15 || total
---------------------------+-------+-------+-------+-------+-------++-------
  Melee: Quarterstaff      |    94 |   189 |   263 |   543 |   331 ||  1420
 Invoke: Serpent's Lash    |       |       |       |       |     4 ||     4
Ability: Dig               |       |     1 |     1 |     6 |     1 ||     9
         Lunge             |       |       |       |    36 |    13 ||    49
         Shaft Self        |       |       |       |     2 |       ||     2
         Whirlwind         |       |       |       |    49 |    77 ||   126
  Evoke: Wand              |       |       |       |       |     2 ||     2
    Use: Potion            |       |       |     2 |     3 |     1 ||     6
   Stab: Distracted        |       |       |       |     1 |       ||     1
         Sleeping          |       |       |       |     1 |     1 ||     2
 Armour: Scale mail        |    44 |       |       |       |       ||    44
         Swamp dragon scal |       |   130 |   316 |   537 |   227 ||  1210
  Dodge: Dodged            |    47 |   108 |   202 |   269 |   135 ||   761
  Block: Buckler           |    23 |    66 |   139 |   287 |   252 ||   767
         Reflection        |       |       |       |       |     1 ||     1

Table legend: (Time is in decaauts)
 A = Elapsed time spent in this place.
 B = Non-inter-level travel time spent in this place.
 C = Inter-level travel time spent in this place.
 D = Time resting spent in this place.
 E = Time spent auto-exploring this place.
 F = Levels seen in this place.
 G = Mean time per level.
                   A        B        C        D        E       F      G
               +--------+--------+--------+--------+--------+-----+--------+
         Total |  20284 |  19839 |    445 |   5499 |  10305 |  18 | 1126.9 |
       Dungeon |  12535 |  12238 |    297 |   3722 |   6022 |  10 | 1253.5 |
        Temple |     18 |     18 |      0 |      0 |      0 |   1 |   18.0 |
          Lair |   6299 |   6152 |    147 |   1144 |   4056 |   5 | 1259.8 |
         Sewer |    648 |    648 |      0 |    282 |    164 |   1 |  648.0 |
        Bailey |    782 |    782 |      0 |    351 |     61 |   1 |  782.0 |
               +--------+--------+--------+--------+--------+-----+--------+

Top non-repeatable levels by time:
     D:9: 3239 daAuts
  Lair:2: 1954 daAuts
     D:6: 1633 daAuts
  Lair:4: 1434 daAuts
  Lair:1: 1314 daAuts
     D:8: 1310 daAuts
     D:7: 1230 daAuts
     D:4: 1202 daAuts
     D:5: 1162 daAuts
  Lair:3: 1106 daAuts
     D:1: 922 daAuts
     D:2: 883 daAuts
  Bailey: 782 daAuts
     D:3: 743 daAuts
   Sewer: 648 daAuts
